 Dungeon Crawl Stone Soup version 0.29.0-4-gdea44cf6ec (webtiles) character file.

Game seed: 5989876295977542637

185786 qw the Peltast (level 17, 0/252 HPs)
             Began as a Minotaur Berserker on Sept 6, 2022.
             Was an Elder of Trog.
             Slain by Ilsuiw
             ... wielding a +4 trident of freezing
              (1 damage)
             ... on level 3 of the Shoals.
             The game lasted 00:14:03 (36818 turns).

qw the Peltast (Minotaur Berserker)                Turns: 36818, Time: 00:14:04

Health: 0/252      AC: 29    Str: 31    XL:     17   Next: 82%
Magic:  16/16      EV: 12    Int:  3    God:    Trog [****..]
Gold:   259        SH: 27    Dex: 13    Spells: 16/16 levels left

rFire   + + .      SeeInvis .   p - +2 war axe (vamp)
rCold   + + .      Faith    .   y - +1 tower shield {AC+3}
rNeg    + . .      Spirit   .   t - +8 chain mail "Forget-Me-Not" {rElec rPois Str-3 Slay+3}
rPois   +          Reflect  +   B - -2 hat of the Alchemist {rElec rPois rF+ rC+ rN+ Will+ rMut rCorr}
rElec   +          Harm     .   b - +2 cloak
rCorr   +          Rampage  +   l - +2 pair of gloves
rMut    +                       A - +1 pair of boots {rampage}
Will    +++++                   e - amulet of reflection
Stlth   ..........              c - +4 ring of slaying {mikee}
HPRegen 1.52/turn               w - ring "Laokor" {*Corrode rC+ Will+ Str+6}
MPRegen 0.15/turn

@: berserking, about to teleport, strong-willed, corroded, regenerating, very
quick
A: horns 2, retaliatory headbutt, agile 1, fire resistance 1, sense surroundings
1, weak 1
a: Renounce Religion, Berserk, Trog's Hand, Brothers in Arms


You were on level 3 of the Shoals.
You worshipped Trog.
Trog was greatly pleased with you.
You visited 5 branches of the dungeon, and saw 28 of its levels.

You collected 2640 gold pieces.
You spent 2381 gold pieces at shops.


Innate Abilities, Weirdness & Mutations

You have a pair of horns on your head.
You reflexively headbutt those who attack you in melee.
You are agile. (Dex +4, Str/Int -1)
Your flesh is heat resistant. (rF+)
You passively map a small area around you.
You are weak. (Str -2)


   Skills:
 + Level 19.1 Fighting
 - Level 16.0 Axes
 - Level 9.2 Throwing
 - Level 18.0 Armour
 - Level 10.0 Dodging
 - Level 20.3 Shields


You had 16 spell levels left.
You didn't know any spells.
Your spell library was empty.

Inventory:

Hand Weapons
 p - a +2 vampiric war axe (weapon)
 r - the +3 war axe of the Morning {vorpal, rElec Will+++ SInv}
   (You found it on level 4 of the Lair of Beasts)

   It inflicts extra damage upon your enemies.
   rElec:     It insulates you from electricity.
   SInv:      It lets you see invisible.
   Will:      It greatly increases your willpower.
 E - a +0 broad axe of flaming
Missiles
 u - 2 javelins
 v - 13 boomerangs (quivered)
Armour
 b - a +2 cloak (worn)
 l - a +2 pair of gloves (worn)
 t - the +8 chain mail "Forget-Me-Not" (worn) {rElec rPois Str-3 Slay+3}
   (You found it on level 2 of the Shoals)

   Str:       It affects your strength (-3).
   Slay:      It affects your accuracy & damage with ranged weapons and melee
   (+3).
   rElec:     It insulates you from electricity.
   rPois:     It protects you from poison.
 y - a +1 tower shield of protection (worn)
 A - a +1 pair of boots of rampaging (worn)
 B - the -2 hat of the Alchemist (worn) {rElec rPois rF+ rC+ rN+ Will+ rMut rCorr}
   (You found it on level 2 of the Orcish Mines)

   rF:        It protects you from fire.
   rC:        It protects you from cold.
   rElec:     It insulates you from electricity.
   rPois:     It protects you from poison.
   rN:        It protects you from negative energy.
   rCorr:     It protects you from acid and corrosion.
   rMut:      It protects you from mutation.
   Will:      It increases your willpower.
 D - a +2 hat of stealth
 G - the +0 pair of gloves of the Vestibule of Hell {rC- rN+ Regen+ rCorr}
   (You bought it in a shop on level 2 of the Orcish Mines)

   rC:        It makes you vulnerable to cold.
   rN:        It protects you from negative energy.
   Regen:     It increases your rate of health regeneration.
   rCorr:     It protects you from acid and corrosion.
Jewellery
 c - a +4 ring of slaying (left hand) {mikee}
 e - an amulet of reflection (around neck)
 g - the ring of the Sky {Ice Fly rPois Stlth+}
   (You took it off a tengu warrior on level 10 of the Dungeon)

   [ring of ice]

   It enhances your ice magic.
   rF:        It makes you vulnerable to fire.
   rC:        It protects you from cold.
   rPois:     It protects you from poison.
   Fly:       It grants you flight.
   Stlth:     It makes you more stealthy.
 q - a ring of fire
 s - a ring of fire
 w - the ring "Laokor" (right hand) {*Corrode rC+ Will+ Str+6}
   (You took it off an ogre mage on level 10 of the Dungeon)

   [ring of strength]

   Str:       It affects your strength (+6).
   rC:        It protects you from cold.
   *Corrode:  It may corrode you when you take damage.
   Will:      It increases your willpower.
 x - the amulet of Depnolua {Will+ Regen+ rCorr}
   (You took it off a wizard on level 10 of the Dungeon)

   [amulet of regeneration]

   Regen:     It increases your rate of health regeneration.
   rCorr:     It protects you from acid and corrosion.
   Will:      It increases your willpower.
 z - a ring of poison resistance
Scrolls
 a - 3 scrolls of teleportation
 f - 18 scrolls of identify
 o - a scroll of brand weapon
Potions
 d - 6 potions of might
 i - 6 potions of mutation
 j - a potion of cancellation
 k - 5 potions of haste
 m - 2 potions of resistance
 n - 12 potions of curing

Dungeon Overview and Level Annotations

Branches:
Dungeon (15/15)            Temple (0/1) D:5            Lair (5/5) D:8
 Shoals (3/4) Lair:3        Snake (3/4) Lair:2        Slime (0/5) Lair:4
    Orc (2/2) D:10            Elf (0/3) Orc:2        Vaults (0/5) D:13
 Depths (0/4) D:15

Altars:
Qazlal
Ru
Jiyva

Shops:
D:4 *   D:8 *   D:14 ?   Orc:2 ([*=   Snake:2 [   Snake:3 !:

Portals:
Trove: D:11 (give +3 storm dragon scales)

Annotations:
D:10 2 runed translucent doors
Lair:1 1 runed translucent door
Shoals:3 Ilsuiw


Message History

You recover from your berserk rage.
The merfolk javelineer throws a javelin.
The javelin pierces through you. You block the merfolk siren's attack.
You block the merfolk impaler's attack. The merfolk impaler barely misses you.
36816 ||| READING 4 scrolls of teleportation.
As you read the scroll of teleportation, it crumbles to dust.
You feel strangely unstable.
The merfolk siren chants a haunting song.
You resist with almost no effort.
You block the merfolk impaler's attack. x2
A snapping turtle comes into view.
The merfolk javelineer throws a javelin.
The javelin pierces through you! You block the merfolk siren's attack.
You block the merfolk impaler's attack. The merfolk impaler closely misses you.
36817 ||| Stepping ~*~*~tactically~*~*~ (water).
The merfolk siren chants a haunting song.
You resist with almost no effort.
The merfolk javelineer throws a javelin.
The javelin barely misses you. You block the merfolk impaler's attack.
The merfolk siren chants a haunting song.
You resist with almost no effort. Ilsuiw gestures at you while chanting.
The shard of ice hits you!! You partially resist.
You block the merfolk impaler's attack. You block the water elemental's attack.
The merfolk impaler misses you. You furiously retaliate!
You headbutt the merfolk impaler!
You block the merfolk javelineer's attack.
Ilsuiw hits you but does no damage.
You see here a potion of curing.
36818 ||| INVOKING Berserk.
A red film seems to cover your vision as you go berserk!
You feel yourself moving faster!
You feel mighty! You block the merfolk impaler's attack.
You block the water elemental's attack. You block the merfolk siren's attack.
The merfolk impaler hits you but does no damage.
The water elemental barely misses you.
The merfolk impaler hits you from afar with a +2 vampiric trident!
The merfolk javelineer hits you from afar with a +3 vorpal spear.
Ilsuiw hits you from afar with a +4 trident of freezing!
Ilsuiw freezes you.
You die...

, .~~~.~~~~~~~~~~~~~~~ ~
###..~~.~~~~~..~~~~~~~~~
~~..~~~~.....~....~~~~~~~
~~~..~~~.#...~~....~~~~~~
~~~~.~~.##.......~.~~~~~~
~~~~~~.......##.~~~~~~~~~
~~~~~.mE.....##.~~~~P~~~~
, ~~~~~~m.m.~.....~~P.P~~
~~~~~mmE@~~%~..~~~PPP~
~~~~~~mE~~.....~~~~~~~ ~
~~~~~~~~~......~~~P~P
~~~~~~~~......~~~~~ ~
~~~~~~~.......~~~~~ ~ ~
~~~~~~..........~~~
~~~~~~........~~~~~
##.~~~~!......~~~~~
t#..~~.......~~~ ~ ~


You could see Ilsuiw, 2 merfolk impalers, a merfolk javelineer, 3 water
elementals and 2 merfolk sirens.

Vanquished Creatures
  Jorgrun (Snake:2)
  Polyphemus (Shoals:2)
  Kirke (Lair:5)
  4 nagarajas
  Aizul (Snake:1)
  An orc warlord (Orc:2)
  A merfolk javelineer (Shoals:2)
  4 vault guards
  6 boulder beetles
  10 hydras
  3 salamander tyrants
  12 anacondas
  2 ogre magi
  2 catoblepae
  3 centaur warriors
  A death knight (D:15)
  2 alligator snapping turtles
  9 naga warriors
  4 merfolk avatars
  10 two-headed ogres
  2 tengu warriors
  3 orc high priests (Orc:2)
  9 death yaks
  Urug (D:10)
  6 naga sharpshooters
  6 shock serpents
  A salamander mystic (Snake:2)
  8 skeletal warriors (D:15)
  Amaemon (Lair:3)
  10 sea snakes
  A flayed ghost (D:11)
  A phantasmal warrior (D:15)
  4 naga ritualists
  3 wizards
  5 orc knights
  Pikel (D:4)
  2 deep elf zephyrmancers (Orc:2)
  A necromancer (D:15)
  12 harpies
  A wolf spider zombie (D:15)
  A deep elf pyromancer (D:13)
  6 fauns
  4 orc sorcerers
  8 mana vipers
  6 ugly things
  8 cyclopes
  6 manticores
  4 merfolk sirens
  17 salamanders
  8 elephants
  2 water nymphs (Shoals:3)
  3 guardian serpents
  12 naga magi
  A centaur zombie (D:15)
  16 cane toads
  A gargoyle (D:12)
  38 black mambas
  An orange demon (Lair:3)
  Maggie (D:8)
  A centaur skeleton (D:15)
  2 kobold demonologists (D:13)
  A freezing wraith (D:15)
  8 komodo dragons
  2 rime drakes (Lair:1)
  An efreet (D:10)
  9 merfolk
  7 wind drakes
  2 tengu conjurers
  3 polar bears
  7 trolls
  A hornet (D:9)
  3 tyrant leeches (Lair:5)
  Prince Ribbit (D:7)
  27 blink frogs
  15 dream sheep
  5 slime creatures
  2 snapping turtles (Shoals:1)
  A water elemental (Shoals:1)
  A shadow (D:10)
  5 wraiths
  50 yaks
  7 wyverns
  A human (shapeshifter) (D:11)
  4 basilisks
  A fire bat (Shoals:3)
  3 hogs (Lair:5)
  A steam dragon (Lair:2)
  A human (D:13)
  Menkaure (D:5)
  16 vampire mosquitoes
  2 acid dragons
  19 nagas
  A two-headed ogre zombie (D:10)
  2 wargs (Orc:1)
  13 water moccasins
  Duvessa (D:5)
  31 orc warriors
  A swamp drake (Orc:2)
  A hornet zombie (D:15)
  2 sky beasts
  A meliai simulacrum (D:15)
  6 ogres
  A black bear (Lair:4)
  3 ice beasts
  15 wolves
  4 centaurs
  6 phantoms
  2 kobold brigands
  Blork the orc (D:5)
  16 bullfrogs
  A necrophage (D:5)
  2 scorpions
  2 gnoll sergeants
  16 wights
  Dowan (D:5)
  A water moccasin skeleton (D:4)
  15 killer bees
  6 electric eels (Snake:2)
  3 howler monkeys
  A crimson imp (Orc:2)
  2 bullfrog zombies (D:4)
  2 hounds
  15 orc priests
  2 gnoll boudas
  An iron imp (Orc:2)
  8 jellies
  27 orc wizards
  Terence (D:2)
  4 iguanas
  6 hell rats (Lair:5)
  2 scorpion zombies (D:4)
  7 ogre zombies (D:10)
  A hound skeleton (D:4)
  Robin (D:2)
  15 gnolls
  3 adders
  A shadow imp (Orc:2)
  16 white imps
  3 ufetubi
  An adder zombie (D:4)
  3 dart slugs
  84 orcs
  6 endoplasms
  4 giant cockroaches
  14 goblins
  11 hobgoblins
  6 jackals (D:1)
  16 kobolds
  4 quokkas
  5 ball pythons
  3 bats
  5 frilled lizards
  A goblin skeleton (D:10)
  4 goblin zombies (D:10)
  A hobgoblin skeleton (D:10)
  A hobgoblin zombie (D:10)
  3 orc skeletons (D:10)
  15 orc zombies (D:10)
  A quokka zombie (D:4)
  8 rats
977 creatures vanquished.

Vanquished Creatures (collateral kills)
  2 hydras
  A naga sharpshooter (Snake:1)
  An orc high priest (Orc:2)
  A death yak (Shoals:2)
  A shock serpent (Snake:2)
  Sonja (D:13)
  A sea snake (Snake:2)
  An orc knight (Orc:2)
  An orc sorcerer (Orc:2)
  3 cane toads (Lair:5)
  A tyrant leech (Lair:5)
  3 blink frogs (Lair:5)
  2 vampire mosquitoes (D:13)
  2 wargs (Orc:2)
  An orc warrior (Orc:2)
  3 bullfrogs (Lair:5)
  An electric eel (Lair:5)
  3 orcs (Orc:2)
29 creatures vanquished.

Vanquished Creatures (others)
  A water elemental (Shoals:2)
  5 yaks (D:7)
  3 nagas
  39 fungi
  237 plants
  6 toadstools (Lair:1)
291 creatures vanquished.

Grand Total: 1297 creatures vanquished

Notes
Turn   | Place    | Note
-------+----------+-------------------------------------------
     0 | D:1      | qw the Minotaur Berserker began the quest for the Orb.
     0 | D:1      | Reached XP level 1. HP: 19/19 MP: 0/0
     0 | D:1      | 0 ||| qw: Version: 0.1-a-107-g9ff403c
     0 | D:1      | 0 ||| qw: Game counter: 6093
     0 | D:1      | 0 ||| qw: Always use a shield: true
     0 | D:1      | 0 ||| qw: Do Orc after D:15 true
     0 | D:1      | 0 ||| qw: Do second Lair branch before Depths: true
     0 | D:1      | 0 ||| qw: Lair rune preference: random
     0 | D:1      | 0 ||| qw: Plans: Normal
     0 | D:1      | 0 ||| PLANNING D:1-11
   203 | D:1      | 203 ||| Stepping ~*~*~tactically~*~*~ (stealth).
   210 | D:1      | 210 ||| Stepping ~*~*~tactically~*~*~ (stealth).
   215 | D:1      | 215 ||| Stepping ~*~*~tactically~*~*~ (stealth).
   217 | D:1      | 217 ||| Stepping ~*~*~tactically~*~*~ (stealth).
   246 | D:1      | Reached XP level 2. HP: 26/26 MP: 1/1
   267 | D:1      | 267 ||| Stepping ~*~*~tactically~*~*~ (hiding).
   369 | D:1      | 369 ||| Stepping ~*~*~tactically~*~*~ (hiding).
   389 | D:1      | 389 ||| Stepping ~*~*~tactically~*~*~ (stealth).
   392 | D:1      | 392 ||| Stepping ~*~*~tactically~*~*~ (stealth).
   600 | D:1      | 600 ||| Stepping ~*~*~tactically~*~*~ (stealth).
   828 | D:1      | Reached XP level 3. HP: 28/31 MP: 2/2
  1204 | D:1      | 1204 ||| DROPPING orb of light.
  1205 | D:1      | 1205 ||| UPGRADING to +0 plate armour.
  1215 | D:1      | 1215 ||| DROPPING +0 animal skin.
  1216 | D:1      | 1216 ||| READING 2 scrolls labelled KUEFFO XEANIUH.
  1221 | D:1      | 1221 ||| READING 2 scrolls labelled GENWEBLUNKA.
  1222 | D:1      | 1222 ||| READING scroll labelled MUYM JIXTIW.
  1252 | D:2      | Reached ** piety under Trog
  1370 | D:2      | Noticed Robin
  1373 | D:2      | 1373 ||| INVOKING Berserk.
  1374 | D:2      | 1374 ||| INVOKING Berserk.
  1380 | D:2      | Killed Robin
  1400 | D:2      | Reached XP level 4. HP: 29/39 MP: 3/3
  1401 | D:2      | Reached skill level 6 in Axes
  1489 | D:2      | 1489 ||| DROPPING +0 club.
  1543 | D:2      | Noticed Terence
  1548 | D:2      | 1548 ||| INVOKING Berserk.
  1550 | D:2      | Killed Terence
  1658 | D:2      | 1658 ||| SWAPPING to +3 hand axe of electrocution.
  1659 | D:2      | 1659 ||| DROPPING +0 hand axe.
  2248 | D:2      | Found a faded altar of an unknown god.
  2331 | D:2      | 2331 ||| DROPPING amulet of faith.
  2332 | D:2      | 2332 ||| READING scroll labelled VYAR ZIPPASS.
  2333 | D:2      | 2333 ||| READING scroll labelled RELABU YNABOU.
  2334 | D:2      | 2334 ||| READING scroll labelled QIRPHUSU BEFY.
  2335 | D:2      | 2335 ||| READING 3 scrolls of identify.
  2335 | D:2      | 2335 ||| IDENTIFYING blue potion
  2542 | D:3      | 2542 ||| Stepping ~*~*~tactically~*~*~ (stealth).
  2551 | D:3      | 2551 ||| DROPPING +1 mace of protection.
  2556 | D:3      | 2556 ||| Stepping ~*~*~tactically~*~*~ (hiding).
  2753 | D:3      | 2753 ||| READING scroll of enchant armour.
  2753 | D:3      | 2753 ||| ENCHANTING +0 plate armour.
  3029 | D:3      | 3029 ||| UPGRADING to amulet of reflection.
  3034 | D:3      | 3034 ||| DRINKING 2 pink potions.
  3035 | D:3      | 3035 ||| READING 2 scrolls of identify.
  3035 | D:3      | 3035 ||| IDENTIFYING puce potion
  3036 | D:3      | 3036 ||| DROPPING potion of attraction.
  3091 | D:4      | 3091 ||| Stepping ~*~*~tactically~*~*~ (stealth).
  3092 | D:4      | 3092 ||| Stepping ~*~*~tactically~*~*~ (stealth).
  3093 | D:4      | 3093 ||| Stepping ~*~*~tactically~*~*~ (stealth).
  3130 | D:4      | Reached XP level 5. HP: 45/45 MP: 4/4
  3149 | D:4      | Reached *** piety under Trog
  3187 | D:4      | Noticed a lemure
  3187 | D:4      | Noticed a lemure
  3187 | D:4      | Noticed Pikel
  3190 | D:4      | Noticed a lemure
  3192 | D:4      | Noticed a lemure
  3194 | D:4      | 3194 ||| INVOKING Berserk.
  3199 | D:4      | Killed Pikel
  3200 | D:4      | Reached XP level 6. HP: 52/52 MP: 5/5
  3200 | D:4      | Reached XP level 7. HP: 59/59 MP: 6/6
  3572 | D:4      | 3572 ||| Stepping ~*~*~tactically~*~*~ (hiding).
  3578 | D:4      | 3578 ||| INVOKING Berserk.
  3728 | D:4      | Reached skill level 9 in Axes
  3737 | D:4      | Reached XP level 8. HP: 67/67 MP: 7/7
  3969 | D:4      | Found Reipaic's Gadget Gallery.
  4385 | D:4      | 4385 ||| UPGRADING to +0 cloak.
  4390 | D:4      | 4390 ||| READING scroll labelled NEUNUS YCKO.
  4391 | D:4      | 4391 ||| READING 3 scrolls of identify.
  4391 | D:4      | 4391 ||| IDENTIFYING viscous grey potion
  4392 | D:4      | 4392 ||| READING 2 scrolls of identify.
  4392 | D:4      | 4392 ||| IDENTIFYING bubbling orange potion
  4393 | D:4      | 4393 ||| DROPPING potion of ambrosia.
  4394 | D:4      | 4394 ||| READING 2 scrolls of teleportation.
  4437 | D:5      | Entered Level 5 of the Dungeon
  4447 | D:5      | Noticed Menkaure
  4448 | D:5      | 4448 ||| Stepping ~*~*~tactically~*~*~ (hiding).
  4452 | D:5      | 4452 ||| INVOKING Berserk.
  4454 | D:5      | Killed Menkaure
  4572 | D:5      | Identified the +1 ring mail of the Tundras {Rampage Int+3}
  4580 | D:5      | Noticed Duvessa
  4580 | D:5      | Noticed Dowan
  4581 | D:5      | 4581 ||| INVOKING Berserk.
  4585 | D:5      | Killed Duvessa
  4589 | D:5      | Killed Dowan
  4766 | D:5      | Noticed Blork the orc
  4769 | D:5      | 4769 ||| INVOKING Berserk.
  4773 | D:5      | Killed Blork the orc
  4774 | D:5      | Reached skill level 6 in Fighting
  4889 | D:5      | Found a staircase to the Ecumenical Temple.
  4890 | D:5      | 4890 ||| SWAPPING to +0 war axe.
  4891 | D:5      | 4891 ||| DROPPING +3 hand axe of electrocution.
  5036 | D:5      | 5036 ||| Stepping ~*~*~tactically~*~*~ (hiding).
  5075 | D:5      | 5075 ||| Stepping ~*~*~tactically~*~*~ (stealth).
  5078 | D:5      | 5078 ||| Stepping ~*~*~tactically~*~*~ (stealth).
  5085 | D:5      | 5085 ||| INVOKING Berserk.
  5279 | D:5      | 5279 ||| Stepping ~*~*~tactically~*~*~ (stealth).
  5286 | D:5      | 5286 ||| Stepping ~*~*~tactically~*~*~ (stealth).
  5871 | D:5      | 5871 ||| READING scroll labelled JUEDAO RAUGU.
  5872 | D:5      | 5872 ||| READING 3 scrolls labelled JIULESHR ALAU.
  5873 | D:5      | 5873 ||| DROPPING 2 scrolls of fog.
  5973 | D:6      | Reached XP level 9. HP: 75/75 MP: 8/8
  5975 | D:6      | 5975 ||| DRINKING 2 potions of curing.
  5975 | D:6      | 5975 ||| (to cure confusion)
  5976 | D:6      | 5976 ||| DRINKING potion of curing.
  5976 | D:6      | 5976 ||| (to cure confusion)
  5978 | D:6      | Reached **** piety under Trog
  6034 | D:6      | Reached skill level 12 in Axes
  6137 | D:6      | 6137 ||| INVOKING Berserk.
  6403 | D:6      | 6403 ||| Stepping ~*~*~tactically~*~*~ (hiding).
  6404 | D:6      | 6404 ||| Stepping ~*~*~tactically~*~*~ (hiding).
  6428 | D:6      | 6428 ||| Stepping ~*~*~tactically~*~*~ (stealth).
  6429 | D:6      | 6429 ||| Stepping ~*~*~tactically~*~*~ (stealth).
  6430 | D:6      | 6430 ||| Stepping ~*~*~tactically~*~*~ (stealth).
  6431 | D:6      | 6431 ||| Stepping ~*~*~tactically~*~*~ (stealth).
  6432 | D:6      | 6432 ||| Stepping ~*~*~tactically~*~*~ (stealth).
  6437 | D:6      | 6437 ||| INVOKING Berserk.
  6936 | D:6      | Reached skill level 1 in Throwing
  7045 | D:6      | 7045 ||| INVOKING Berserk.
  7211 | D:6      | 7211 ||| Stepping ~*~*~tactically~*~*~ (hiding).
  7212 | D:6      | 7212 ||| Stepping ~*~*~tactically~*~*~ (hiding).
  7214 | D:6      | 7214 ||| Stepping ~*~*~tactically~*~*~ (hiding).
  7215 | D:6      | 7215 ||| Stepping ~*~*~tactically~*~*~ (hiding).
  7217 | D:6      | 7217 ||| Stepping ~*~*~tactically~*~*~ (hiding).
  7218 | D:6      | 7218 ||| Stepping ~*~*~tactically~*~*~ (hiding).
  7219 | D:6      | 7219 ||| Stepping ~*~*~tactically~*~*~ (hiding).
  7223 | D:6      | 7223 ||| Stepping ~*~*~tactically~*~*~ (hiding).
  7338 | D:6      | 7338 ||| READING 3 scrolls of identify.
  7338 | D:6      | 7338 ||| IDENTIFYING silvery potion
  7339 | D:6      | 7339 ||| READING 2 scrolls of identify.
  7339 | D:6      | 7339 ||| IDENTIFYING grey potion
  7416 | D:7      | Noticed Prince Ribbit
  7420 | D:7      | 7420 ||| INVOKING Berserk.
  7427 | D:7      | Killed Prince Ribbit
  7681 | D:7      | 7681 ||| UPGRADING to +0 pair of gloves.
  7686 | D:7      | 7686 ||| READING scroll labelled EVVUIZI WAAR.
  7746 | D:7      | 7746 ||| READING scroll of teleportation.
  7747 | D:7      | 7747 ||| FLEEEEING.
  8476 | D:7      | 8476 ||| Stepping ~*~*~tactically~*~*~ (stealth).
  8511 | D:7      | 8511 ||| INVOKING Berserk.
  9019 | D:7      | 9019 ||| READING scroll labelled ZIOHAR PI FIPA.
  9057 | D:8      | Found Kocsaug's Overcharged Wands.
  9086 | D:8      | 9086 ||| Stepping ~*~*~tactically~*~*~ (stealth).
  9093 | D:8      | 9093 ||| Stepping ~*~*~tactically~*~*~ (stealth).
  9094 | D:8      | 9094 ||| Stepping ~*~*~tactically~*~*~ (stealth).
  9101 | D:8      | Noticed Maggie
  9108 | D:8      | Reached XP level 10. HP: 66/88 MP: 9/9
  9117 | D:8      | 9117 ||| INVOKING Berserk.
  9130 | D:8      | HP: 33/132 [poisoned by a killer bee]
  9131 | D:8      | HP: 15/132 [yak (8)]
  9136 | D:8      | Reached skill level 15 in Axes
  9141 | D:8      | 9141 ||| READING scroll of teleportation.
  9141 | D:8      | HP: 1/88 [Maggie/+0 scimitar (8)]
  9142 | D:8      | 9142 ||| DRINKING 3 potions of heal wounds.
  9143 | D:8      | 9143 ||| DRINKING 2 potions of heal wounds.
  9146 | D:8      | HP: 20/88 [sky beast (5)]
  9147 | D:8      | 9147 ||| DRINKING potion of heal wounds.
  9154 | D:8      | Killed Maggie
  9185 | D:8      | 9185 ||| Stepping ~*~*~tactically~*~*~ (stealth).
  9186 | D:8      | 9186 ||| Stepping ~*~*~tactically~*~*~ (stealth).
  9192 | D:8      | 9192 ||| Stepping ~*~*~tactically~*~*~ (stealth).
  9205 | D:8      | 9205 ||| Stepping ~*~*~tactically~*~*~ (stealth).
  9207 | D:8      | 9207 ||| FLEEEEING.
  9208 | D:8      | 9208 ||| FLEEEEING.
  9218 | D:8      | 9218 ||| INVOKING Berserk.
  9221 | D:8      | Reached skill level 9 in Fighting
  9639 | D:8      | Found a staircase to the Lair.
  9904 | D:8      | 9904 ||| INVOKING Berserk.
 10109 | D:8      | 10109 ||| PLANNING LAIR
 10109 | D:8      | 10109 ||| READING 3 scrolls of identify.
 10109 | D:8      | 10109 ||| IDENTIFYING bubbling coppery potion
 10110 | D:8      | 10110 ||| READING 2 scrolls of identify.
 10110 | D:8      | 10110 ||| IDENTIFYING fuming brown potion
 10111 | D:8      | 10111 ||| DROPPING potion of berserk rage.
 10151 | Lair:1   | Entered Level 1 of the Lair of Beasts
 10154 | Lair:1   | 10154 ||| Stepping ~*~*~tactically~*~*~ (stealth).
 10155 | Lair:1   | 10155 ||| Stepping ~*~*~tactically~*~*~ (stealth).
 10158 | Lair:1   | 10158 ||| Stepping ~*~*~tactically~*~*~ (stealth).
 10266 | Lair:1   | Reached skill level 3 in Dodging
 10278 | Lair:1   | Noticed a cane toad
 10279 | Lair:1   | 10279 ||| Stepping ~*~*~tactically~*~*~ (stealth).
 10330 | Lair:1   | 10330 ||| INVOKING Berserk.
 10333 | Lair:1   | Killed a cane toad
 10474 | Lair:1   | Reached XP level 11. HP: 96/99 MP: 10/10
 10556 | Lair:1   | Reached ***** piety under Trog
 10585 | Lair:1   | 10585 ||| INVOKING Berserk.
 10588 | Lair:1   | Reached skill level 9 in Armour
 10786 | Lair:1   | Noticed a four-headed hydra
 10787 | Lair:1   | 10787 ||| INVOKING Brothers in Arms.
 10788 | Lair:1   | 10788 ||| INVOKING Brothers in Arms.
 10789 | Lair:1   | 10789 ||| INVOKING Brothers in Arms.
 10791 | Lair:1   | 10791 ||| SWAPPING to +0 morningstar.
 10792 | Lair:1   | 10792 ||| INVOKING Brothers in Arms.
 10793 | Lair:1   | 10793 ||| INVOKING Berserk.
 10796 | Lair:1   | Killed a four-headed hydra
 10806 | Lair:1   | 10806 ||| SWAPPING to +1 war axe.
 10927 | Lair:1   | 10927 ||| DRINKING 2 potions of cancellation.
 10929 | Lair:1   | 10929 ||| INVOKING Berserk.
 11285 | Lair:1   | Noticed a lindwurm
 11285 | Lair:1   | Noticed a dire elephant
 11305 | Lair:1   | Found a runed translucent door.
 11538 | Lair:1   | 11538 ||| DRINKING 2 murky grey potions.
 11538 | Lair:1   | Gained mutation: You are weak. (Str -2) [potion of
                  | mutation]
 11538 | Lair:1   | Gained mutation: You passively map a small area around you.
                  | [potion of mutation]
 11538 | Lair:1   | Gained mutation: You are agile. (Dex +4, Str/Int -1)
                  | [potion of mutation]
 11538 | Lair:1   | Gained mutation: Your flesh is heat resistant. (rF+)
                  | [potion of mutation]
 11539 | Lair:1   | 11539 ||| READING 2 scrolls of identify.
 11539 | Lair:1   | 11539 ||| IDENTIFYING sedimented grey potion
 11540 | Lair:1   | 11540 ||| DROPPING potion of degeneration.
 11597 | Lair:2   | 11597 ||| STAIRDANCE
 11785 | Lair:2   | Noticed a seven-headed hydra
 11786 | Lair:2   | 11786 ||| INVOKING Brothers in Arms.
 11787 | Lair:2   | 11787 ||| INVOKING Brothers in Arms.
 11788 | Lair:2   | 11788 ||| SWAPPING to +0 morningstar.
 11790 | Lair:2   | 11790 ||| INVOKING Berserk.
 11792 | Lair:2   | Killed a seven-headed hydra
 11822 | Lair:2   | 11822 ||| SWAPPING to +1 war axe.
 11877 | Lair:2   | 11877 ||| INVOKING Berserk.
 12002 | Lair:2   | 12002 ||| READING scroll of enchant armour.
 12002 | Lair:2   | 12002 ||| ENCHANTING +0 pair of gloves.
 12015 | Lair:2   | Noticed a catoblepas
 12016 | Lair:2   | 12016 ||| Stepping ~*~*~tactically~*~*~ (stealth).
 12017 | Lair:2   | 12017 ||| Stepping ~*~*~tactically~*~*~ (stealth).
 12018 | Lair:2   | 12018 ||| Stepping ~*~*~tactically~*~*~ (stealth).
 12020 | Lair:2   | 12020 ||| Stepping ~*~*~tactically~*~*~ (stealth).
 12023 | Lair:2   | 12023 ||| INVOKING Berserk.
 12029 | Lair:2   | Killed a catoblepas
 12225 | Lair:2   | 12225 ||| Stepping ~*~*~tactically~*~*~ (hiding).
 12314 | Lair:2   | Found a staircase to the Snake Pit.
 12315 | Lair:2   | 12315 ||| Stepping ~*~*~tactically~*~*~ (hiding).
 12429 | Lair:2   | 12429 ||| Stepping ~*~*~tactically~*~*~ (stealth).
 12431 | Lair:2   | 12431 ||| Stepping ~*~*~tactically~*~*~ (stealth).
 12465 | Lair:2   | 12465 ||| Stepping ~*~*~tactically~*~*~ (stealth).
 12467 | Lair:2   | 12467 ||| Stepping ~*~*~tactically~*~*~ (hiding).
 12481 | Lair:2   | 12481 ||| INVOKING Berserk.
 12485 | Lair:2   | Reached skill level 12 in Fighting
 12650 | Lair:2   | Noticed an eight-headed hydra
 12651 | Lair:2   | 12651 ||| INVOKING Brothers in Arms.
 12652 | Lair:2   | 12652 ||| INVOKING Brothers in Arms.
 12653 | Lair:2   | 12653 ||| INVOKING Brothers in Arms.
 12654 | Lair:2   | 12654 ||| INVOKING Brothers in Arms.
 12655 | Lair:2   | 12655 ||| INVOKING Brothers in Arms.
 12656 | Lair:2   | 12656 ||| INVOKING Brothers in Arms.
 12657 | Lair:2   | 12657 ||| SWAPPING to +0 morningstar.
 12658 | Lair:2   | 12658 ||| INVOKING Berserk.
 12662 | Lair:2   | Killed an eight-headed hydra
 12684 | Lair:2   | 12684 ||| SWAPPING to +1 war axe.
 12839 | Lair:2   | Identified the +5 dire flail of the Traitor {drain, rPois}
 13251 | Lair:2   | 13251 ||| INVOKING Berserk.
 13262 | Lair:2   | Reached skill level 3 in Throwing
 13490 | Lair:2   | 13490 ||| INVOKING Berserk.
 13493 | Lair:2   | Reached XP level 12. HP: 112/112 MP: 11/11
 13755 | Lair:2   | 13755 ||| READING 3 scrolls of identify.
 13755 | Lair:2   | 13755 ||| IDENTIFYING red potion
 13756 | Lair:2   | 13756 ||| DROPPING potion of flight.
 13837 | Lair:3   | Noticed Amaemon
 13841 | Lair:3   | 13841 ||| INVOKING Berserk.
 13844 | Lair:3   | Noticed an eight-headed hydra
 13845 | Lair:3   | Killed Amaemon
 13862 | Lair:3   | HP: 25/112 [17-headed hydra (5)]
 13863 | Lair:3   | 13863 ||| READING 2 scrolls of teleportation.
 13863 | Lair:3   | HP: 11/112 [17-headed hydra (6)]
 13863 | Lair:3   | HP: 5/112 [17-headed hydra (6)]
 13864 | Lair:3   | 13864 ||| DRINKING potion of heal wounds.
 13868 | Lair:3   | HP: 18/112 [poisoned by an orange demon]
 14284 | Lair:3   | 14284 ||| READING scroll of enchant armour.
 14284 | Lair:3   | 14284 ||| ENCHANTING +1 pair of gloves.
 14291 | Lair:3   | 14291 ||| INVOKING Brothers in Arms.
 14292 | Lair:3   | 14292 ||| INVOKING Brothers in Arms.
 14294 | Lair:3   | 14294 ||| SWAPPING to +0 morningstar.
 14295 | Lair:3   | 14295 ||| INVOKING Berserk.
 14297 | Lair:3   | Killed a 17-headed hydra
 14302 | Lair:3   | 14302 ||| SWAPPING to +1 war axe.
 14404 | Lair:3   | Found a staircase to the Shoals.
 14422 | Lair:3   | 14422 ||| DROPPING +0 morningstar.
 14612 | Lair:3   | 14612 ||| Stepping ~*~*~tactically~*~*~ (stealth).
 14681 | Lair:3   | 14681 ||| Stepping ~*~*~tactically~*~*~ (stealth).
 14682 | Lair:3   | 14682 ||| Stepping ~*~*~tactically~*~*~ (stealth).
 14687 | Lair:3   | 14687 ||| INVOKING Berserk.
 14693 | Lair:3   | Reached skill level 6 in Dodging
 14935 | Lair:3   | 14935 ||| INVOKING Berserk.
 15115 | Lair:3   | 15115 ||| DROPPING amulet of regeneration.
 15116 | Lair:3   | 15116 ||| UPGRADING to +4 ring of slaying {mikee}.
 15117 | Lair:3   | 15117 ||| READING scroll labelled NUIDAGEMUAX.
 15118 | Lair:3   | 15118 ||| READING 6 scrolls of identify.
 15118 | Lair:3   | 15118 ||| IDENTIFYING golden potion
 15119 | Lair:3   | 15119 ||| DROPPING potion of lignification.
 15140 | Lair:4   | Found a frozen archway.
 15141 | Lair:4   | 15141 ||| STAIRDANCE
 15143 | Lair:4   | 15143 ||| STAIRDANCE
 15152 | Lair:4   | 15152 ||| STAIRDANCE
 15165 | Lair:4   | 15165 ||| STAIRDANCE
 15167 | Lair:3   | 15167 ||| INVOKING Berserk.
 15170 | Lair:3   | Reached skill level 12 in Armour
 15255 | Lair:4   | 15255 ||| STAIRDANCE
 15257 | Lair:3   | 15257 ||| INVOKING Berserk.
 15367 | Lair:4   | 15367 ||| STAIRDANCE
 15369 | Lair:3   | 15369 ||| INVOKING Berserk.
 15372 | Lair:3   | Reached skill level 6 in Throwing
 15481 | Lair:4   | 15481 ||| STAIRDANCE
 15483 | Lair:3   | 15483 ||| INVOKING Berserk.
 15620 | Lair:4   | 15620 ||| STAIRDANCE
 15622 | Lair:3   | 15622 ||| INVOKING Berserk.
 15822 | Lair:4   | 15822 ||| Stepping ~*~*~tactically~*~*~ (stealth).
 15855 | Lair:4   | 15855 ||| INVOKING Berserk.
 16016 | Lair:4   | Identified the +3 war axe of the Morning {vorpal, rElec
                  | Will+++ SInv}
 16018 | Lair:4   | 16018 ||| SWAPPING to +3 war axe of the Morning {vorpal,
                  | rElec Will+++ SInv}.
 16106 | Lair:4   | Found a staircase to the Slime Pits.
 16107 | Lair:4   | 16107 ||| Stepping ~*~*~tactically~*~*~ (stealth).
 16114 | Lair:4   | 16114 ||| Stepping ~*~*~tactically~*~*~ (stealth).
 16116 | Lair:4   | 16116 ||| Stepping ~*~*~tactically~*~*~ (stealth).
 16124 | Lair:4   | 16124 ||| INVOKING Berserk.
 16271 | Lair:4   | 16271 ||| Stepping ~*~*~tactically~*~*~ (stealth).
 16272 | Lair:4   | 16272 ||| Stepping ~*~*~tactically~*~*~ (stealth).
 16273 | Lair:4   | 16273 ||| Stepping ~*~*~tactically~*~*~ (stealth).
 16274 | Lair:4   | 16274 ||| Stepping ~*~*~tactically~*~*~ (stealth).
 16279 | Lair:4   | 16279 ||| Stepping ~*~*~tactically~*~*~ (stealth).
 16294 | Lair:4   | Reached XP level 13. HP: 102/125 MP: 12/12
 16436 | Lair:4   | 16436 ||| INVOKING Brothers in Arms.
 16437 | Lair:4   | 16437 ||| INVOKING Brothers in Arms.
 16438 | Lair:4   | 16438 ||| INVOKING Brothers in Arms.
 16439 | Lair:4   | 16439 ||| INVOKING Brothers in Arms.
 16440 | Lair:4   | 16440 ||| SWAPPING to +1 demon whip of venom.
 16441 | Lair:4   | 16441 ||| INVOKING Berserk.
 16497 | Lair:4   | 16497 ||| SWAPPING to +3 war axe of the Morning {vorpal,
                  | rElec Will+++ SInv}.
 17003 | Lair:4   | Reached skill level 15 in Fighting
 17159 | Lair:5   | Entered Level 5 of the Lair of Beasts
 17160 | Lair:5   | 17160 ||| PLANNING GAUNTLET
 17172 | Lair:5   | 17172 ||| Stepping ~*~*~tactically~*~*~ (hiding).
 17286 | Lair:5   | 17286 ||| INVOKING Berserk.
 17426 | Lair:5   | 17426 ||| INVOKING Berserk.
 17575 | Lair:5   | 17575 ||| Stepping ~*~*~tactically~*~*~ (stealth).
 17597 | Lair:5   | 17597 ||| FLEEEEING.
 17599 | Lair:5   | 17599 ||| FLEEEEING.
 17600 | Lair:5   | 17600 ||| FLEEEEING.
 17601 | Lair:5   | 17601 ||| STAIRDANCE
 17720 | Lair:5   | 17720 ||| RIP GAUNTLET
 17721 | Lair:5   | 17721 ||| PLANNING LAIR
 17721 | Lair:5   | 17721 ||| STAIRDANCE
 17736 | Lair:5   | 17736 ||| Stepping ~*~*~tactically~*~*~ (stealth).
 17737 | Lair:5   | 17737 ||| Stepping ~*~*~tactically~*~*~ (stealth).
 17764 | Lair:5   | 17764 ||| Stepping ~*~*~tactically~*~*~ (stealth).
 17765 | Lair:5   | 17765 ||| Stepping ~*~*~tactically~*~*~ (stealth).
 17811 | Lair:5   | 17811 ||| Stepping ~*~*~tactically~*~*~ (stealth).
 17816 | Lair:5   | 17816 ||| Stepping ~*~*~tactically~*~*~ (stealth).
 17821 | Lair:5   | 17821 ||| INVOKING Berserk.
 17839 | Lair:5   | 17839 ||| Stepping ~*~*~tactically~*~*~ (stealth).
 17944 | Lair:5   | 17944 ||| Stepping ~*~*~tactically~*~*~ (stealth).
 17951 | Lair:5   | 17951 ||| INVOKING Brothers in Arms.
 17952 | Lair:5   | 17952 ||| INVOKING Brothers in Arms.
 17953 | Lair:5   | 17953 ||| INVOKING Brothers in Arms.
 17954 | Lair:5   | 17954 ||| SWAPPING to +1 demon whip of venom.
 17955 | Lair:5   | 17955 ||| INVOKING Berserk.
 17976 | Lair:5   | 17976 ||| SWAPPING to +3 war axe of the Morning {vorpal,
                  | rElec Will+++ SInv}.
 18036 | Lair:5   | 18036 ||| INVOKING Berserk.
 18062 | Lair:5   | HP: 30/128 [blink frog (9)]
 18063 | Lair:5   | 18063 ||| READING 2 scrolls of teleportation.
 18064 | Lair:5   | 18064 ||| DRINKING 2 potions of heal wounds.
 18070 | Lair:5   | 18070 ||| Stepping ~*~*~tactically~*~*~ (stealth).
 18073 | Lair:5   | 18073 ||| Stepping ~*~*~tactically~*~*~ (stealth).
 18073 | Lair:5   | Noticed Kirke
 18074 | Lair:5   | 18074 ||| INVOKING Trog's Hand.
 18075 | Lair:5   | 18075 ||| INVOKING Berserk.
 18078 | Lair:5   | Noticed a sphinx
 18082 | Lair:5   | HP: 48/192 [hog[Kirke] (6)]
 18090 | Lair:5   | Killed Kirke
 18100 | Lair:5   | 18100 ||| Stepping ~*~*~tactically~*~*~ (stealth).
 18147 | Lair:5   | 18147 ||| INVOKING Berserk.
 18369 | Lair:5   | 18369 ||| INVOKING Berserk.
 18488 | Lair:5   | 18488 ||| INVOKING Brothers in Arms.
 18490 | Lair:5   | 18490 ||| SWAPPING to +1 demon whip of venom.
 18491 | Lair:5   | 18491 ||| INVOKING Berserk.
 18547 | Lair:5   | 18547 ||| SWAPPING to +3 war axe of the Morning {vorpal,
                  | rElec Will+++ SInv}.
 18637 | Lair:5   | 18637 ||| Stepping ~*~*~tactically~*~*~ (stealth).
 18812 | Lair:5   | 18812 ||| INVOKING Berserk.
 18842 | Lair:5   | 18842 ||| FLEEEEING.
 18885 | Lair:5   | 18885 ||| Stepping ~*~*~tactically~*~*~ (water).
 18891 | Lair:5   | 18891 ||| INVOKING Berserk.
 18895 | Lair:5   | Reached skill level 15 in Armour
 19132 | Lair:5   | 19132 ||| INVOKING Brothers in Arms.
 19133 | Lair:5   | 19133 ||| SWAPPING to +1 demon whip of venom.
 19134 | Lair:5   | 19134 ||| INVOKING Berserk.
 19157 | Lair:5   | 19157 ||| SWAPPING to +3 war axe of the Morning {vorpal,
                  | rElec Will+++ SInv}.
 19266 | Lair:5   | 19266 ||| Stepping ~*~*~tactically~*~*~ (stealth).
 19267 | Lair:5   | 19267 ||| Stepping ~*~*~tactically~*~*~ (stealth).
 19269 | Lair:5   | 19269 ||| Stepping ~*~*~tactically~*~*~ (stealth).
 19271 | Lair:5   | 19271 ||| Stepping ~*~*~tactically~*~*~ (stealth).
 19274 | Lair:5   | 19274 ||| INVOKING Berserk.
 19280 | Lair:5   | Reached XP level 14. HP: 138/138 MP: 13/13
 19716 | Lair:5   | 19716 ||| PLANNING D:1-11
 19716 | Lair:5   | 19716 ||| DROPPING amulet of magic regeneration.
 20072 | D:9      | 20072 ||| Stepping ~*~*~tactically~*~*~ (stealth).
 20074 | D:9      | 20074 ||| Stepping ~*~*~tactically~*~*~ (hiding).
 20117 | D:9      | 20117 ||| Stepping ~*~*~tactically~*~*~ (stealth).
 20207 | D:9      | Found a viscous altar of Jiyva.
 20411 | D:9      | 20411 ||| Stepping ~*~*~tactically~*~*~ (hiding).
 20418 | D:9      | 20418 ||| Stepping ~*~*~tactically~*~*~ (hiding).
 20656 | D:9      | You fall into a shaft and drop 3 floors!
 20795 | D:12     | 20795 ||| READING scroll of enchant armour.
 20795 | D:12     | 20795 ||| ENCHANTING +0 cloak.
 21063 | D:12     | 21063 ||| READING 4 scrolls labelled BUSOTW DUSOON.
 21064 | D:12     | 21064 ||| DROPPING 3 scrolls of magic mapping.
 21091 | D:11     | 21091 ||| INVOKING Berserk.
 21299 | D:11     | 21299 ||| INVOKING Berserk.
 21554 | D:11     | 21554 ||| Stepping ~*~*~tactically~*~*~ (hiding).
 21566 | D:11     | 21566 ||| Stepping ~*~*~tactically~*~*~ (stealth).
 21597 | D:11     | Reached skill level 18 in Fighting
 21758 | D:11     | 21758 ||| Stepping ~*~*~tactically~*~*~ (hiding).
 22033 | D:11     | 22033 ||| UPGRADING to +0 buckler.
 22038 | D:11     | 22038 ||| READING 10 scrolls of identify.
 22038 | D:11     | 22038 ||| IDENTIFYING sedimented yellow potion
 22039 | D:11     | 22039 ||| DROPPING potion of magic.
 22048 | D:10     | Entered Level 10 of the Dungeon
 22088 | D:10     | Reached skill level 1 in Shields
 22148 | D:10     | Reached skill level 2 in Shields
 22189 | D:10     | 22189 ||| Stepping ~*~*~tactically~*~*~ (stealth).
 22207 | D:10     | Reached skill level 3 in Shields
 22241 | D:10     | Found a sacrificial altar of Ru.
 22325 | D:10     | Identified the +6 mace of Laasmos {holy, Str-2 Int+3 Dex+4
                  | Stlth+}
 22359 | D:10     | Noticed Urug
 22360 | D:10     | 22360 ||| INVOKING Brothers in Arms.
 22363 | D:10     | 22363 ||| INVOKING Berserk.
 22367 | D:10     | Killed Urug
 22570 | D:10     | Found a staircase to the Orcish Mines.
 22588 | D:10     | Reached skill level 4 in Shields
 23110 | D:10     | 23110 ||| INVOKING Brothers in Arms.
 23111 | D:10     | 23111 ||| INVOKING Berserk.
 23122 | D:10     | Identified the ring of the Sky {Ice Fly rPois Stlth+}
 23123 | D:10     | Reached skill level 5 in Shields
 23127 | D:10     | Identified the ring "Laokor" {*Corrode rC+ Will+ Str+6}
 23128 | D:10     | 23128 ||| INVOKING Trog's Hand.
 23133 | D:10     | Reached skill level 6 in Shields
 23133 | D:10     | Identified the amulet of Depnolua {Will+ Regen+ rCorr}
 23180 | D:10     | Identified the amulet of Intercession {Acrobat Str+2}
 23274 | D:10     | Found a runed translucent door.
 23274 | D:10     | Found a runed translucent door.
 23334 | D:10     | Reached skill level 7 in Shields
 23366 | D:10     | 23366 ||| DROPPING amulet of Intercession {Acrobat Str+2}.
 23367 | D:10     | 23367 ||| UPGRADING to ring "Laokor" {*Corrode rC+ Will+
                  | Str+6}.
 23368 | D:10     | 23368 ||| SWAPPING to +1 vampiric war axe.
 23369 | D:10     | 23369 ||| READING scroll of enchant weapon.
 23369 | D:10     | 23369 ||| ENCHANTING +1 vampiric war axe.
 23370 | D:10     | 23370 ||| UPGRADING to amulet of Depnolua {Will+ Regen+
                  | rCorr}.
 23380 | D:10     | 23380 ||| UPGRADING to ring of the Sky {Ice Fly rPois
                  | Stlth+}.
 23382 | D:10     | 23382 ||| READING 9 scrolls of identify.
 23382 | D:10     | 23382 ||| IDENTIFYING cyan potion
 23383 | D:10     | 23383 ||| DROPPING potion of invisibility.
 23537 | D:11     | Found a portal to a secret trove of treasure.
 23744 | D:11     | 23744 ||| PLANNING D
 23793 | D:12     | 23793 ||| Stepping ~*~*~tactically~*~*~ (hiding).
 23795 | D:12     | 23795 ||| Stepping ~*~*~tactically~*~*~ (hiding).
 23802 | D:12     | Reached skill level 8 in Shields
 24033 | D:12     | 24033 ||| Stepping ~*~*~tactically~*~*~ (stealth).
 24034 | D:12     | 24034 ||| Stepping ~*~*~tactically~*~*~ (stealth).
 24035 | D:12     | 24035 ||| Stepping ~*~*~tactically~*~*~ (stealth).
 24036 | D:12     | 24036 ||| Stepping ~*~*~tactically~*~*~ (stealth).
 24038 | D:12     | 24038 ||| Stepping ~*~*~tactically~*~*~ (stealth).
 24324 | D:12     | 24324 ||| READING scroll labelled TOYNKU VEATIE.
 24371 | D:13     | 24371 ||| Stepping ~*~*~tactically~*~*~ (stealth).
 24379 | D:13     | 24379 ||| Stepping ~*~*~tactically~*~*~ (hiding).
 24388 | D:13     | Reached skill level 9 in Shields
 24507 | D:13     | 24507 ||| Stepping ~*~*~tactically~*~*~ (hiding).
 24509 | D:13     | 24509 ||| Stepping ~*~*~tactically~*~*~ (hiding).
 24514 | D:13     | 24514 ||| INVOKING Brothers in Arms.
 24518 | D:13     | 24518 ||| SWAPPING to +1 demon whip of venom.
 24520 | D:13     | 24520 ||| INVOKING Berserk.
 24547 | D:13     | 24547 ||| SWAPPING to +2 vampiric war axe.
 24872 | D:13     | Noticed Sonja
 24873 | D:13     | 24873 ||| INVOKING Brothers in Arms.
 24874 | D:13     | 24874 ||| SWAPPING to +1 demon whip of venom.
 24875 | D:13     | 24875 ||| INVOKING Berserk.
 24879 | D:13     | Reached XP level 15. HP: 149/149 MP: 14/14
 24884 | D:13     | Killed Sonja
 24888 | D:13     | 24888 ||| SWAPPING to +2 vampiric war axe.
 25035 | D:13     | 25035 ||| Stepping ~*~*~tactically~*~*~ (hiding).
 25040 | D:13     | 25040 ||| Stepping ~*~*~tactically~*~*~ (hiding).
 25042 | D:13     | 25042 ||| INVOKING Berserk.
 25055 | D:13     | 25055 ||| INVOKING Trog's Hand.
 25115 | D:13     | Found a gate to the Vaults.
 25116 | D:13     | 25116 ||| INVOKING Berserk.
 25344 | D:13     | 25344 ||| DROPPING ring of resist corrosion.
 25345 | D:13     | 25345 ||| READING scroll labelled LEESSE ATIAMYD.
 25464 | D:14     | Found a stormy altar of Qazlal.
 25670 | D:14     | 25670 ||| Stepping ~*~*~tactically~*~*~ (stealth).
 25788 | D:14     | Reached skill level 10 in Shields
 25870 | D:14     | Found Lothomia's Magic Scroll Shoppe.
 25874 | D:14     | 25874 ||| BUYING scroll of acquirement (780 gold).
 25874 | D:14     | Bought a scroll of acquirement for 780 gold pieces
 25874 | D:14     | 25874 ||| BUYING scroll of enchant armour (112 gold).
 25874 | D:14     | Bought a scroll of enchant armour for 112 gold pieces
 25874 | D:14     | 25874 ||| READING scroll of acquirement.
 25874 | D:14     | 25874 ||| ACQUIRING +0 pair of boots of rampaging
 25874 | D:14     | Acquired a +0 pair of boots of rampaging
 25876 | D:14     | 25876 ||| DROPPING scarf of invisibility.
 25877 | D:14     | 25877 ||| READING scroll of enchant armour.
 25877 | D:14     | 25877 ||| ENCHANTING +1 cloak.
 25936 | D:14     | 25936 ||| UPGRADING to +0 pair of boots of rampaging.
 25949 | D:15     | Entered Level 15 of the Dungeon
 26168 | D:15     | 26168 ||| INVOKING Berserk.
 26328 | D:15     | 26328 ||| INVOKING Berserk.
 26344 | D:15     | Reached skill level 9 in Dodging
 26545 | D:15     | Reached skill level 9 in Throwing
 26638 | D:15     | 26638 ||| Stepping ~*~*~tactically~*~*~ (hiding).
 26640 | D:15     | 26640 ||| Stepping ~*~*~tactically~*~*~ (stealth).
 26641 | D:15     | 26641 ||| Stepping ~*~*~tactically~*~*~ (hiding).
 26654 | D:15     | 26654 ||| Stepping ~*~*~tactically~*~*~ (hiding).
 26655 | D:15     | 26655 ||| Stepping ~*~*~tactically~*~*~ (hiding).
 26667 | D:15     | 26667 ||| INVOKING Trog's Hand.
 26668 | D:15     | 26668 ||| INVOKING Berserk.
 26796 | D:15     | 26796 ||| FLEEEEING.
 26797 | D:15     | 26797 ||| FLEEEEING.
 26798 | D:15     | 26798 ||| FLEEEEING.
 26799 | D:15     | 26799 ||| FLEEEEING.
 26800 | D:15     | 26800 ||| FLEEEEING.
 26801 | D:15     | 26801 ||| FLEEEEING.
 26802 | D:15     | 26802 ||| FLEEEEING.
 26803 | D:15     | 26803 ||| FLEEEEING.
 26804 | D:15     | 26804 ||| FLEEEEING.
 26805 | D:15     | 26805 ||| FLEEEEING.
 26806 | D:15     | 26806 ||| FLEEEEING.
 26807 | D:15     | 26807 ||| FLEEEEING.
 26808 | D:15     | 26808 ||| FLEEEEING.
 26809 | D:15     | 26809 ||| FLEEEEING.
 26817 | D:15     | 26817 ||| STAIRDANCE
 26923 | D:15     | 26923 ||| SWAPPING to +1 demon whip of venom.
 26925 | D:15     | 26925 ||| INVOKING Berserk.
 26952 | D:15     | 26952 ||| SWAPPING to +2 vampiric war axe.
 26956 | D:15     | Reached skill level 11 in Shields
 27202 | D:15     | 27202 ||| Stepping ~*~*~tactically~*~*~ (hiding).
 27203 | D:15     | 27203 ||| INVOKING Trog's Hand.
 27237 | D:15     | 27237 ||| Stepping ~*~*~tactically~*~*~ (stealth).
 27249 | D:15     | 27249 ||| INVOKING Trog's Hand.
 27265 | D:15     | Found a staircase to the Depths.
 27330 | D:15     | 27330 ||| PLANNING ORC
 27484 | Orc:1    | Entered Level 1 of the Orcish Mines
 27487 | Orc:1    | 27487 ||| Stepping ~*~*~tactically~*~*~ (stealth).
 27489 | Orc:1    | 27489 ||| Stepping ~*~*~tactically~*~*~ (hiding).
 27645 | Orc:2    | Entered Level 2 of the Orcish Mines
 27775 | Orc:2    | Found the -2 hat of the Alchemist {rElec rPois rF+ rC+ rN+
                  | Will+ rMut rCorr}
 27881 | Orc:2    | 27881 ||| Stepping ~*~*~tactically~*~*~ (stealth).
 27883 | Orc:2    | 27883 ||| Stepping ~*~*~tactically~*~*~ (stealth).
 27886 | Orc:2    | 27886 ||| Stepping ~*~*~tactically~*~*~ (stealth).
 27888 | Orc:2    | 27888 ||| INVOKING Trog's Hand.
 27891 | Orc:2    | 27891 ||| INVOKING Berserk.
 27919 | Orc:2    | 27919 ||| Stepping ~*~*~tactically~*~*~ (stealth).
 27920 | Orc:2    | 27920 ||| Stepping ~*~*~tactically~*~*~ (stealth).
 28075 | Orc:2    | Found a staircase to the Elven Halls.
 28092 | Orc:2    | 28092 ||| Stepping ~*~*~tactically~*~*~ (stealth).
 28094 | Orc:2    | 28094 ||| Stepping ~*~*~tactically~*~*~ (hiding).
 28099 | Orc:2    | 28099 ||| Stepping ~*~*~tactically~*~*~ (hiding).
 28119 | Orc:2    | 28119 ||| INVOKING Trog's Hand.
 28128 | Orc:2    | 28128 ||| INVOKING Berserk.
 28128 | Orc:2    | Noticed an orc warlord
 28157 | Orc:2    | Killed an orc warlord
 28157 | Orc:2    | Received a gift from Trog
 28166 | Orc:2    | 28166 ||| Stepping ~*~*~tactically~*~*~ (hiding).
 28170 | Orc:2    | 28170 ||| INVOKING Brothers in Arms.
 28187 | Orc:2    | 28187 ||| INVOKING Trog's Hand.
 28196 | Orc:2    | 28196 ||| INVOKING Brothers in Arms.
 28205 | Orc:2    | 28205 ||| INVOKING Berserk.
 28287 | Orc:2    | 28287 ||| DROPPING +1 demon whip of venom.
 28350 | Orc:2    | 28350 ||| Stepping ~*~*~tactically~*~*~ (hiding).
 28372 | Orc:2    | Found Coemum's Antique Armour Shoppe.
 28373 | Orc:2    | Found Sott's Antique Weapon Shoppe.
 28375 | Orc:2    | Found Ikuilis's General Store.
 28375 | Orc:2    | Found Uroargh's Jewellery Emporium.
 28380 | Orc:2    | 28380 ||| BUYING ring of fire (425 gold).
 28380 | Orc:2    | Bought a ring of fire for 425 gold pieces
 28389 | Orc:2    | 28389 ||| BUYING pair of pitted gloves (313 gold).
 28389 | Orc:2    | Bought a pair of pitted gloves for 313 gold pieces
 28389 | Orc:2    | Identified the +0 pair of gloves of the Vestibule of Hell
                  | {rC- rN+ Regen+ rCorr} (You bought it in a shop on level 2
                  | of the Orcish Mines)
 28389 | Orc:2    | 28389 ||| BUYING runed cloak (247 gold).
 28389 | Orc:2    | Bought a runed cloak for 247 gold pieces
 28389 | Orc:2    | 28389 ||| SHOPLISTING runed plate armour (858 gold, have
                  | 48).
 28427 | Orc:2    | 28427 ||| UPGRADING to +2 hat.
 28432 | Orc:2    | 28432 ||| UPGRADING to -2 hat of the Alchemist {rElec rPois
                  | rF+ rC+ rN+ Will+ rMut rCorr}.
 28442 | Orc:2    | 28442 ||| DROPPING +2 hat.
 28443 | Orc:2    | 28443 ||| DROPPING +2 hat.
 28444 | Orc:2    | 28444 ||| DROPPING +0 cloak of preservation.
 28445 | Orc:2    | 28445 ||| UPGRADING to amulet of reflection.
 28455 | Orc:2    | 28455 ||| UPGRADING to +4 ring of slaying {mikee}.
 28630 | Orc:1    | 28630 ||| Stepping ~*~*~tactically~*~*~ (hiding).
 28795 | Orc:1    | 28795 ||| PLANNING SNAKE:1-3
 28982 | Snake:1  | Entered Level 1 of the Snake Pit
 29148 | Snake:1  | Identified the +8 war axe of Insomnia {vorpal, Will+} (Trog
                  | gifted it to you on level 1 of the Snake Pit)
 29148 | Snake:1  | Received a gift from Trog
 29149 | Snake:1  | Reached XP level 16. HP: 143/160 MP: 15/15
 29296 | Snake:1  | Noticed Aizul
 29297 | Snake:1  | 29297 ||| INVOKING Trog's Hand.
 29298 | Snake:1  | 29298 ||| INVOKING Brothers in Arms.
 29300 | Snake:1  | 29300 ||| INVOKING Berserk.
 29306 | Snake:1  | Killed Aizul
 29477 | Snake:1  | 29477 ||| Stepping ~*~*~tactically~*~*~ (stealth).
 29611 | Snake:1  | 29611 ||| Stepping ~*~*~tactically~*~*~ (hiding).
 29617 | Snake:1  | 29617 ||| INVOKING Berserk.
 29627 | Snake:1  | 29627 ||| INVOKING Brothers in Arms.
 29628 | Snake:1  | 29628 ||| INVOKING Brothers in Arms.
 29816 | Snake:1  | 29816 ||| Stepping ~*~*~tactically~*~*~ (hiding).
 29902 | Snake:1  | Reached skill level 18 in Armour
 30053 | Snake:1  | 30053 ||| UPGRADING to +1 tower shield of protection.
 30063 | Snake:1  | 30063 ||| DROPPING +0 buckler.
 30064 | Snake:1  | 30064 ||| DROPPING ring of flight.
 30102 | Snake:2  | Reached skill level 12 in Shields
 30448 | Snake:2  | HP: 35/160 [naga mage/bolt of poison (6)]
 30449 | Snake:2  | 30449 ||| READING 6 scrolls of teleportation.
 30450 | Snake:2  | 30450 ||| DRINKING 2 potions of heal wounds.
 30452 | Snake:2  | 30452 ||| DRINKING potion of heal wounds.
 30453 | Snake:2  | 30453 ||| INVOKING Berserk.
 30471 | Snake:2  | 30471 ||| INVOKING Brothers in Arms.
 30476 | Snake:2  | 30476 ||| Stepping ~*~*~tactically~*~*~ (water).
 30478 | Snake:2  | HP: 35/160 [sea snake (10)]
 30479 | Snake:2  | 30479 ||| READING 5 scrolls of teleportation.
 30836 | Snake:2  | 30836 ||| Stepping ~*~*~tactically~*~*~ (stealth).
 30839 | Snake:2  | 30839 ||| Stepping ~*~*~tactically~*~*~ (hiding).
 30840 | Snake:2  | 30840 ||| Stepping ~*~*~tactically~*~*~ (hiding).
 30841 | Snake:2  | Noticed Jorgrun
 30844 | Snake:2  | 30844 ||| INVOKING Berserk.
 30856 | Snake:2  | Killed Jorgrun
 30866 | Snake:2  | Reached skill level 13 in Shields
 31094 | Snake:2  | 31094 ||| INVOKING Berserk.
 31352 | Snake:2  | 31352 ||| READING scroll labelled DIOTISU VUOHASIDA.
 31640 | Snake:2  | Reached skill level 14 in Shields
 31640 | Snake:2  | 31640 ||| INVOKING Berserk.
 31816 | Snake:2  | Found Reomuoth's Antique Armour Shoppe.
 31955 | Snake:2  | Reached skill level 15 in Shields
 32292 | Snake:3  | 32292 ||| Stepping ~*~*~tactically~*~*~ (water).
 32294 | Snake:3  | 32294 ||| INVOKING Berserk.
 32309 | Snake:3  | 32309 ||| Stepping ~*~*~tactically~*~*~ (stealth).
 32457 | Snake:3  | 32457 ||| INVOKING Berserk.
 32470 | Snake:3  | Reached skill level 16 in Shields
 32474 | Snake:3  | 32474 ||| INVOKING Brothers in Arms.
 32482 | Snake:3  | Reached XP level 17. HP: 133/168 MP: 14/16
 32490 | Snake:3  | 32490 ||| INVOKING Brothers in Arms.
 32490 | Snake:3  | HP: 31/168 [naga warrior/+0 scimitar (20)]
 32491 | Snake:3  | 32491 ||| READING 5 scrolls of teleportation.
 32491 | Snake:3  | HP: 15/168 [constriction (1)]
 32494 | Snake:3  | 32494 ||| READING 4 scrolls of teleportation.
 32498 | Snake:3  | 32498 ||| READING 3 scrolls of teleportation.
 32499 | Snake:3  | HP: 22/168 [constriction (1)]
 32989 | Snake:3  | 32989 ||| Stepping ~*~*~tactically~*~*~ (hiding).
 33061 | Snake:3  | 33061 ||| Stepping ~*~*~tactically~*~*~ (hiding).
 33064 | Snake:3  | 33064 ||| INVOKING Berserk.
 33084 | Snake:3  | Reached skill level 17 in Shields
 33222 | Snake:3  | 33222 ||| Stepping ~*~*~tactically~*~*~ (hiding).
 33225 | Snake:3  | 33225 ||| Stepping ~*~*~tactically~*~*~ (hiding).
 33307 | Snake:3  | 33307 ||| Stepping ~*~*~tactically~*~*~ (hiding).
 33308 | Snake:3  | 33308 ||| Stepping ~*~*~tactically~*~*~ (hiding).
 33316 | Snake:3  | 33316 ||| Stepping ~*~*~tactically~*~*~ (hiding).
 33347 | Snake:3  | 33347 ||| Stepping ~*~*~tactically~*~*~ (stealth).
 33379 | Snake:3  | Identified the +5 morningstar "Fanluh" {protect, rPois rC++
                  | MP-9}
 33637 | Snake:3  | 33637 ||| READING scroll of enchant armour.
 33637 | Snake:3  | 33637 ||| ENCHANTING +0 pair of boots of rampaging.
 33703 | Snake:3  | Found Weral's Book Boutique.
 33703 | Snake:3  | Found Coluuhu's Distillery.
 33704 | Snake:3  | 33704 ||| Stepping ~*~*~tactically~*~*~ (hiding).
 33722 | Snake:3  | 33722 ||| BUYING 2 potions of curing (108 gold).
 33722 | Snake:3  | Bought 2 potions of curing for 108 gold pieces
 33722 | Snake:3  | 33722 ||| BUYING 2 potions of mutation (288 gold).
 33722 | Snake:3  | Bought 2 potions of mutation for 288 gold pieces
 33722 | Snake:3  | 33722 ||| SHOPLISTING potion of cancellation (144 gold,
                  | have 131).
 33722 | Snake:3  | 33722 ||| BUYING potion of curing (54 gold).
 33722 | Snake:3  | Bought a potion of curing for 54 gold pieces
 33722 | Snake:3  | 33722 ||| BUYING potion of curing (54 gold).
 33722 | Snake:3  | Bought a potion of curing for 54 gold pieces
 33722 | Snake:3  | 33722 ||| SHOPLISTING potion of haste (180 gold, have 23).
 33722 | Snake:3  | 33722 ||| SHOPLISTING potion of heal wounds (90 gold, have
                  | 23).
 33722 | Snake:3  | 33722 ||| SHOPLISTING potion of mutation (144 gold, have
                  | 23).
 33807 | Snake:3  | 33807 ||| INVOKING Berserk.
 34268 | Snake:3  | 34268 ||| PLANNING SHOALS:1-3
 34382 | Shoals:1 | Entered Level 1 of the Shoals
 34404 | Shoals:1 | 34404 ||| Stepping ~*~*~tactically~*~*~ (hiding).
 34445 | Shoals:1 | 34445 ||| Stepping ~*~*~tactically~*~*~ (stealth).
 34457 | Shoals:1 | 34457 ||| Stepping ~*~*~tactically~*~*~ (hiding).
 34462 | Shoals:1 | 34462 ||| INVOKING Trog's Hand.
 34463 | Shoals:1 | 34463 ||| INVOKING Brothers in Arms.
 34464 | Shoals:1 | 34464 ||| INVOKING Berserk.
 34475 | Shoals:1 | Reached skill level 18 in Shields
 34487 | Shoals:1 | 34487 ||| Stepping ~*~*~tactically~*~*~ (water).
 34495 | Shoals:1 | 34495 ||| Stepping ~*~*~tactically~*~*~ (water).
 34604 | Shoals:1 | 34604 ||| Stepping ~*~*~tactically~*~*~ (stealth).
 34605 | Shoals:1 | 34605 ||| Stepping ~*~*~tactically~*~*~ (stealth).
 34606 | Shoals:1 | 34606 ||| Stepping ~*~*~tactically~*~*~ (stealth).
 34607 | Shoals:1 | 34607 ||| Stepping ~*~*~tactically~*~*~ (stealth).
 34697 | Shoals:1 | 34697 ||| DROPPING +2 broad axe of freezing.
 34894 | Shoals:1 | 34894 ||| Stepping ~*~*~tactically~*~*~ (water).
 34895 | Shoals:1 | 34895 ||| INVOKING Berserk.
 34919 | Shoals:1 | 34919 ||| INVOKING Brothers in Arms.
 35229 | Shoals:1 | 35229 ||| Stepping ~*~*~tactically~*~*~ (water).
 35278 | Shoals:1 | Reached skill level 19 in Shields
 35353 | Shoals:1 | 35353 ||| Stepping ~*~*~tactically~*~*~ (hiding).
 35354 | Shoals:1 | 35354 ||| Stepping ~*~*~tactically~*~*~ (hiding).
 35535 | Shoals:1 | 35535 ||| DROPPING amulet of the acrobat.
 35536 | Shoals:1 | 35536 ||| DROPPING +6 ring of intelligence.
 35550 | Shoals:2 | 35550 ||| Stepping ~*~*~tactically~*~*~ (water).
 35572 | Shoals:2 | Noticed Polyphemus
 35573 | Shoals:2 | 35573 ||| INVOKING Brothers in Arms.
 35576 | Shoals:2 | 35576 ||| INVOKING Berserk.
 35581 | Shoals:2 | Killed Polyphemus
 35694 | Shoals:2 | 35694 ||| Stepping ~*~*~tactically~*~*~ (cloud).
 35695 | Shoals:2 | 35695 ||| INVOKING Trog's Hand.
 35696 | Shoals:2 | 35696 ||| INVOKING Brothers in Arms.
 35698 | Shoals:2 | 35698 ||| Stepping ~*~*~tactically~*~*~ (cloud).
 35699 | Shoals:2 | 35699 ||| Stepping ~*~*~tactically~*~*~ (cloud).
 35700 | Shoals:2 | 35700 ||| INVOKING Berserk.
 35872 | Shoals:2 | Identified the +8 chain mail "Forget-Me-Not" {rElec rPois
                  | Str-3 Slay+3}
 35946 | Shoals:2 | 35946 ||| Stepping ~*~*~tactically~*~*~ (hiding).
 36086 | Shoals:2 | 36086 ||| Stepping ~*~*~tactically~*~*~ (hiding).
 36087 | Shoals:2 | 36087 ||| Stepping ~*~*~tactically~*~*~ (hiding).
 36089 | Shoals:2 | 36089 ||| INVOKING Trog's Hand.
 36092 | Shoals:2 | 36092 ||| INVOKING Berserk.
 36114 | Shoals:2 | 36114 ||| INVOKING Trog's Hand.
 36118 | Shoals:2 | 36118 ||| Stepping ~*~*~tactically~*~*~ (water).
 36123 | Shoals:2 | 36123 ||| Stepping ~*~*~tactically~*~*~ (water).
 36128 | Shoals:2 | 36128 ||| INVOKING Trog's Hand.
 36131 | Shoals:2 | 36131 ||| Stepping ~*~*~tactically~*~*~ (water).
 36133 | Shoals:2 | Reached skill level 20 in Shields
 36134 | Shoals:2 | 36134 ||| Stepping ~*~*~tactically~*~*~ (water).
 36138 | Shoals:2 | 36138 ||| INVOKING Trog's Hand.
 36145 | Shoals:2 | 36145 ||| FLEEEEING.
 36150 | Shoals:2 | 36150 ||| Stepping ~*~*~tactically~*~*~ (water).
 36154 | Shoals:2 | 36154 ||| INVOKING Berserk.
 36589 | Shoals:2 | 36589 ||| UPGRADING to +8 chain mail "Forget-Me-Not" {rElec
                  | rPois Str-3 Slay+3}.
 36599 | Shoals:2 | 36599 ||| DROPPING +1 plate armour.
 36600 | Shoals:2 | 36600 ||| DROPPING +1 chain mail of fire resistance.
 36620 | Shoals:3 | 36620 ||| STAIRDANCE
 36621 | Shoals:3 | 36621 ||| STAIRDANCE
 36628 | Shoals:3 | 36628 ||| STAIRDANCE
 36634 | Shoals:3 | 36634 ||| INVOKING Berserk.
 36769 | Shoals:3 | 36769 ||| INVOKING Berserk.
 36798 | Shoals:3 | 36798 ||| INVOKING Trog's Hand.
 36809 | Shoals:3 | Noticed Ilsuiw
 36815 | Shoals:3 | HP: 42/168 [merfolk javelineer/javelin[Ilsuiw] (5)]
 36816 | Shoals:3 | 36816 ||| READING 4 scrolls of teleportation.
 36817 | Shoals:3 | 36817 ||| Stepping ~*~*~tactically~*~*~ (water).
 36817 | Shoals:3 | HP: 11/168 [Ilsuiw/shard of ice (25)]
 36818 | Shoals:3 | 36818 ||| INVOKING Berserk.
 36818 | Shoals:3 | HP: 1/252 [Ilsuiw/+4 trident of freezing (8)]
 36818 | Shoals:3 | Slain by Ilsuiw

Levels and vault maps discovered:
D:1:      saegor_arrival_simple_d, layout_basic, chequers_serial_rivers_room_b
D:2:      layout_loops_ring, shapermc_ecumenical_altar_gd, kennysheep_path_1,
          minivault_24, nrook_campfire, uniq_robin, uniq_terence
D:3:      layout_rooms
D:4:      layout_layer_cave, serial_undead, serial_undead_e, serial_undead_e,
          serial_undead_c, serial_undead_b, serial_undead_b, serial_undead_e,
          serial_undead_c, nicolae_shop_gadgets, uniq_pikel
D:5:      kennysheep_spiral_hall, layout_loops_corners,
          minmay_temple_entry_glass, nicolae_underground_beach, uniq_menkaure,
          uniq_duvessa, uniq_blork_the_orc
D:6:      layout_basic, kennysheep_generic_room_7
D:7:      cheibrodos_quashed, layout_basic, enter_bailey_4, minivault_5,
          lemuel_flamethrower_2, uniq_prince_ribbit1
D:8:      layout_basic, lair_entry_dummy, nicolae_shop_overcharged_wands,
          uniq_maggie
D:9:      layout_basic, jiyva_altar_1
D:10:     minmay_the_grid_triangle_9x9_recursive_2
          [minmay_the_grid_triangle_9x9_prize_special,
          minmay_the_grid_triangle_9x9_windchime,
          minmay_the_grid_triangle_9x9_tough_junction,
          minmay_the_grid_triangle_9x9_corrupted_corridor], layout_long_grid,
          hangedman_ru_absence, zombieorc2_lemuel, uniq_urug
D:11:     nzn_winding_woodlands_medium [nzn_winding_woodlands_hourglass,
          nzn_winding_woodlands_5x15_pool,
          nzn_winding_woodlands_5x5_closed_star,
          nzn_winding_woodlands_5x5_cross,
          nzn_winding_woodlands_center_diamonds,
          nzn_winding_woodlands_5x5_open_star,
          nzn_winding_woodlands_5x5_checkerboard,
          nzn_winding_woodlands_5x15_eye, nzn_winding_woodlands_5x5_three],
          layout_loops_cross, enter_trove_5
D:12:     layout_gridville
D:13:     layout_rooms, grunt_vaults_entry_fortified, uniq_sonja
D:14:     layout_roguey, serial_shops, shop, nicolae_qazlal_general_emergency
D:15:     grunt_enter_depths_magical_seal, layout_loops_ring, hex_tiny
Lair:1:   gammafunk_lair_enchanted_lake, layout_regular_city,
          chequers_serial_rivers_micro_d
Lair:2:   layout_cave_pods, guppyfry_snake_entry_island, serial_bayou_pond_b
Lair:3:   layout_loops_ring, elwin_shoals_entry_rocks, uniq_amaemon
Lair:4:   layout_concentric_octagons, minmay_slime_entry_pillars,
          portal_ice_cave_entry_imps
Lair:5:   minmay_lair_end_frog_pond, layout_layer_cave, gauntlet_entry_generic,
          uniq_kirke
Shoals:1: layout_shoals
Shoals:2: layout_shoals, uniq_polyphemus
Shoals:3: layout_shoals, serial_shops, nicolae_shop_stone,
          hangedman_shoal_volcano, uniq_ilsuiw
Snake:1:  layout_gridlike, uniq_aizul
Snake:2:  layout_basic, serial_shops, nicolae_lakefront_shop, uniq_jorgrun
Snake:3:  kennysheep_snake, layout_basic, nicolae_snake_snakes_in_the_grass,
          minmay_shoptagon
Orc:1:    layout_caves
Orc:2:    st_orc_congregation, layout_diamond_mine, hangedman_minor_magic

Skill      XL: |  1  2  3  4  5  6  7  8  9 10 11 12 13 14 15 16 17 |
---------------+----------------------------------------------------+-----
Axes           | 4 5 7 9 11 14 16 | 16.0
Fighting       | 4 6 8 10 12 14 16 18 19 | 19.1
Armour         | 7 8 10 13 15 17 18 | 18.0
Throwing       | 1 2 3 6 7 8 9 |  9.2
Dodging        | 3 5 6 8 9 10 | 10.0
Shields        | 9 11 16 20 | 20.3

Action                   |  1- 3 |  4- 6 |  7- 9 | 10-12 | 13-15 | 16-18 || total
-------------------------+-------+-------+-------+-------+-------+-------++-------
Melee: Hand axe          |    90 |    79 |    59 |       |       |       ||   228
       Headbutt          |    13 |     9 |    41 |    83 |   258 |   221 ||   625
       Punch             |       |       |     4 |     4 |     5 |       ||    13
       War axe           |       |       |   217 |   415 |   947 |   812 ||  2391
       Morningstar       |       |       |       |    15 |       |       ||    15
       Demon whip        |       |       |       |       |    77 |       ||    77
Throw: Boomerang         |       |       |    37 |    22 |    50 |    21 ||   130
       Javelin           |       |       |       |    39 |    69 |       ||   108
Invok: Berserk           |     1 |     2 |    10 |    25 |    29 |    19 ||    86
       Brothers in Arms  |       |       |       |     4 |    10 |     9 ||    23
       Trog's Hand       |       |       |       |       |     9 |     8 ||    17
  Use: Scroll            |     3 |     6 |    11 |    10 |    10 |     8 ||    48
       Potion            |       |     1 |     2 |     6 |     1 |     2 ||    12
 Stab: Distracted        |       |       |       |       |     3 |     2 ||     5
Armor: Animal skin       |     9 |       |       |       |       |       ||     9
       Plate armour      |    28 |    26 |   122 |   215 |   390 |   311 ||  1092
       Chain mail        |       |       |       |       |       |    10 ||    10
Dodge: Dodged            |    39 |    17 |    72 |   176 |   316 |   226 ||   846
Block: Other             |       |     6 |    39 |   100 |    43 |       ||   188
       Reflection        |       |     1 |     3 |     1 |     7 |   121 ||   133
       Buckler           |       |       |       |       |   169 |    36 ||   205
       Tower shield      |       |       |       |       |       |   899 ||   899

Table legend:
 A = Non-vault XP
 B = Vault XP
 C = Vault XP percentage of total XP
 D = Non-vault monster count
 E = Vault monster count
 F = Vault count percentage of total count
                 A         B        C        D         E       F
            +---------+---------+-------+---------+---------+-------
      Total |  188050 |   88916 |  32.1 |     675 |     335 |  33.2
            +---------+---------+-------+---------+---------+-------
        D:1 |      48 |       0 |   0.0 |      28 |       0 |   0.0
        D:2 |      31 |      71 |  69.6 |      13 |      12 |  48.0
        D:3 |      24 |       0 |   0.0 |      13 |       0 |   0.0
        D:4 |     314 |    1088 |  77.6 |      20 |      11 |  35.5
        D:5 |     473 |     720 |  60.4 |      15 |       8 |  34.8
        D:6 |     805 |     426 |  34.6 |      31 |       4 |  11.4
        D:7 |    1019 |     277 |  21.4 |      11 |       6 |  35.3
        D:8 |    2692 |     404 |  13.0 |      34 |       1 |   2.9
        D:9 |    1494 |     167 |  10.1 |      19 |       4 |  17.4
       D:10 |    3423 |    6977 |  67.1 |      19 |      46 |  70.8
       D:11 |    3890 |    5803 |  59.9 |       9 |      17 |  65.4
       D:12 |    4046 |       0 |   0.0 |      14 |       0 |   0.0
       D:13 |    7027 |    5966 |  45.9 |      17 |      11 |  39.3
       D:14 |    3320 |       0 |   0.0 |      10 |       0 |   0.0
       D:15 |   16132 |    3438 |  17.6 |      27 |       9 |  25.0
     Lair:1 |    5931 |     967 |  14.0 |      24 |       3 |  11.1
     Lair:2 |    5373 |    1339 |  19.9 |      20 |       4 |  16.7
     Lair:3 |    8626 |    1248 |  12.6 |      33 |      10 |  23.3
     Lair:4 |    9291 |     600 |   6.1 |      34 |       9 |  20.9
     Lair:5 |   15362 |   12780 |  45.4 |      44 |      44 |  50.0
   Shoals:1 |   16358 |       0 |   0.0 |      34 |       0 |   0.0
   Shoals:2 |   14998 |    5399 |  26.5 |      32 |       6 |  15.8
   Shoals:3 |    1742 |    1024 |  37.0 |       3 |       2 |  40.0
    Snake:1 |   16914 |    1217 |   6.7 |      30 |       1 |   3.2
    Snake:2 |   30598 |    1603 |   5.0 |      60 |       1 |   1.6
    Snake:3 |   12201 |   24805 |  67.0 |      21 |      42 |  66.7
      Orc:1 |    2319 |       0 |   0.0 |      33 |       0 |   0.0
      Orc:2 |    3599 |   12597 |  77.8 |      27 |      84 |  75.7
            +---------+---------+-------+---------+---------+-------
